 Dungeon Crawl Stone Soup version 0.25-a0-1118-g1a081956a1 (webtiles) character file.

Game seed: 8447847837128910965, levelgen mode: deterministic

515 Zarvinstril the Digger (level 7, -1/36 HPs)
             Began as a Gargoyle Earth Elementalist on May 17, 2020.
             Killed from afar by an orc wizard (6 damage)
             ... with a magic dart
             ... on level 4 of the Dungeon.
             The game lasted 00:06:05 (3694 turns).

Zarvinstril the Digger (GrEE)                       Turns: 3694, Time: 00:06:06

Health: -1/36      AC:  7    Str: 11    XL:     7   Next: 20%
Magic:  2/13       EV: 12    Int: 24    God:
Gold:   178        SH:  0    Dex: 10    Spells: 5/14 levels left

rFire    . . .     SeeInvis .   e - +0 mace
rCold    . . .     Gourm    .   (no shield)
rNeg     + . .     Faith    .   c - +0 robe
rPois    ∞         Spirit   .   (no helmet)
rElec    +         Reflect  .   (no cloak)
rCorr    .         Harm     .   (no gloves)
MR       .....                  h - +0 pair of boots
Stlth    ++........             k - amulet of the acrobat
HPRegen  0.12/turn              l - +6 ring of intelligence
MPRegen  0.13/turn              (no ring)

@: no status effects
A: negative energy resistance 1, electricity resistance, unbreathing,
petrification resistance, rot immunity, AC +4
a: no special abilities


You were on level 4 of the Dungeon.
You were hungry.

You visited 1 branch of the dungeon, and saw 4 of its levels.

You collected 178 gold pieces.

Inventory:

Hand Weapons
 a - a +0 flail
 e - a +0 mace (weapon)
 f - a +0 flail
Missiles
 b - 26 stones (quivered)
 m - a throwing net
Armour
 c - a +0 robe (worn)
 h - a +0 pair of boots (worn)
Jewellery
 k - an amulet of the acrobat (around neck)
 l - a +6 ring of intelligence (left hand)
Wands
 g - a wand of flame (26)
Potions
 i - a potion of mutation {unknown}
 j - a potion of heal wounds {unknown}
 o - a potion of magic {unknown}
Comestibles
 d - 7 rations
 n - 2 chunks of flesh


   Skills:
 - Level 1.5 Dodging
 - Level 2.1 Stealth
 + Level 4.4 Spellcasting
 + Level 4.0 Conjurations
   Level 0.7 Transmutations
 + Level 6.4 Earth Magic


You had 5 spell levels left.
You knew the following spells:

 Your Spells              Type           Power        Failure   Level  Hunger
a - Sandblast             Erth           #####.       1%          1    None
b - Stone Arrow           Conj/Erth      ####..       3%          3    ##.....
c - Lee's Rapid Deconstr  Erth           #####.....   19%         5    #####..

Your spell library contained the following spells:

 Spells                   Type           Power        Failure   Level  Hunger
 Passwall                 Tmut/Erth      ###.....     3%          2    None
 Petrify                  Tmut/Erth      ###.....     22%         4    ####...


Dungeon Overview and Level Annotations

Branches:
Dungeon (4/15)
 Temple: D:4-7

Altars:
Elyvilon
Ru
Uskayaw

Shops:
D:4 [


Innate Abilities, Weirdness & Mutations

You are resistant to torment.
Your stone body is resilient. (AC +4)
You are immune to poison.
You resist negative energy. (rN+)
You are resistant to electric shocks. (rElec)
You can survive without breathing.
You are immune to petrification.
You are immune to rotting.


Message History

You hear some strange, mumbled words.
A puff of frost appears from out of thin air!
The puff of frost hits you. The orc hits you but does no damage. x2
The orc wizard hits you but does no damage.
Something hits you. The orc closely misses you.
You barely miss something. Something hits you but does no damage.
The orc hits you with a +0 short sword. The orc wizard casts a spell at you.
The magic dart hits you. The orc closely misses you. x2
You miss something. Something hits you but does no damage.
The orc wizard misses you. The orc closely misses you.
Something hits you but does no damage. The orc hits you with a +0 short sword.
The orc wizard points at you and mumbles some strange words.
The puff of flame hits you.
* * * LOW HITPOINT WARNING * * *
You miss something.
You hear some strange, mumbled words.
A magic dart appears from out of thin air!
The magic dart hits you.
You die...

.#..........
#..#...##
....#####...#
##...### ....#
....# #..## ...##
.....## ##..# ....#
....... ##...#
....#
#......#####....#
.....#
#.......##....#..#
.......
......o.....#####.#
...##...
......{@...## #.#
...# ###
.....)oo....# ##
...# .............#
................
?................
..#........#.....
...#......##.....
....#....# .....


You could see an orc wizard and 2 orcs.

Vanquished Creatures
  5 orc priests
  2 hounds (D:4)
  Ijyb (D:3)
  2 orc wizards (D:4)
  A worker ant (D:3)
  8 adders
  A river rat (D:3)
  2 oozes
  3 worms
  4 dart slugs
  4 leopard geckos
  21 orcs
  A ball python (D:3)
  8 bats
  2 giant cockroaches
  4 goblins
  4 hobgoblins
  3 jackals (D:2)
  A ball python skeleton (D:4)
  6 frilled lizards
  4 kobolds
  A quokka skeleton (D:4)
  11 rats
99 creatures vanquished.

Notes
Turn   | Place    | Note
-------+----------+-------------------------------------------
     0 | D:1      | Zarvinstril the Gargoyle Earth Elementalist began the quest
                  | for the Orb.
     0 | D:1      | Reached XP level 1. HP: 10/10 MP: 3/3
   353 | D:1      | Reached XP level 2. HP: 14/15 MP: 5/5
   355 | D:1      | Reached skill level 4 in Earth Magic
   876 | D:2      | Reached XP level 3. HP: 16/19 MP: 1/7
   881 | D:2      | Learned a level 3 spell: Stone Arrow
  1293 | D:2      | Reached skill level 1 in Conjurations
  1293 | D:2      | Reached XP level 4. HP: 24/24 MP: 4/8
  1726 | D:3      | Found a hide-covered altar of Uskayaw.
  1726 | D:3      | Found a white marble altar of Elyvilon.
  1727 | D:3      | Found a sacrificial altar of Ru.
  1754 | D:3      | Reached skill level 5 in Earth Magic
  1756 | D:3      | Reached XP level 5. HP: 28/28 MP: 3/10
  1763 | D:3      | Learned a level 5 spell: Lee's Rapid Deconstruction
  2172 | D:3      | Reached XP level 6. HP: 32/32 MP: 9/11
  2275 | D:3      | Noticed Ijyb
  2295 | D:3      | Killed Ijyb
  2962 | D:4      | Reached skill level 6 in Earth Magic
  3102 | D:4      | Found Dujeug's Armour Shop.
  3391 | D:4      | Reached XP level 7. HP: 32/36 MP: 7/13
  3694 | D:4      | Killed from afar by an orc wizard

Illustrated notes

Levels and vault maps discovered:
D:1:      lightli_arrival_lavapool, layout_rooms, minmay_stone_trees_medium
D:2:      layout_rooms
D:3:      layout_basic, grunt_temple_overflow_open, first_ration,
          portal_sewer_entry_b, uniq_ijyb
D:4:      layout_layer_cave, kennysheep_mini, serial_shops,
          nicolae_shop_waterfront

Skill      XL: |  1  2  3  4  5  6  7 |
---------------+----------------------+-----
Earth Magic    | 4 5 6 |  6.4
Conjurations   | 1 2 3 4 |  4.0
Spellcasting   | 3 4 |  4.4
Dodging        | |  1.5
Stealth        | |  2.1
Transmutations | |  0.7

Action                   |  1- 3 |  4- 6 |  7- 9 || total
-------------------------+-------+-------+-------++-------
Melee: Mace              |    77 |   112 |    16 ||   205
       Unarmed           |     2 |       |       ||     2
 Cast: Sandblast         |    20 |    57 |     2 ||    79
       Stone Arrow       |       |       |     6 ||     6
  Use: Scroll            |     3 |     3 |       ||     6
       Potion            |       |     2 |       ||     2
 Stab: Sleeping          |     1 |     2 |     1 ||     4
  Eat: Chunk             |     1 |     7 |     1 ||     9
Armor: Robe              |    47 |    44 |    11 ||   102
Dodge: Dodged            |    94 |   123 |     8 ||   225

Table legend:
 A = Non-vault XP
 B = Vault XP
 C = Vault XP percentage of total XP
 D = Non-vault monster count
 E = Vault monster count
 F = Vault count percentage of total count
                 A         B        C        D         E       F
            +---------+---------+-------+---------+---------+-------
      Total |     672 |      64 |   8.7 |      90 |       9 |   9.1
            +---------+---------+-------+---------+---------+-------
        D:1 |      27 |       0 |   0.0 |      16 |       0 |   0.0
        D:2 |      88 |       0 |   0.0 |      23 |       0 |   0.0
        D:3 |     298 |      64 |  17.7 |      30 |       9 |  23.1
        D:4 |     259 |       0 |   0.0 |      21 |       0 |   0.0
            +---------+---------+-------+---------+---------+-------
